Map: Ujari

Players

VIKTHOR

  • Race: Protoss Protoss
  • League: Platinum
  • Spawn Location: 9:00

Nacho

  • Race: Terran Terran
  • League: Silver
  • Spawn Location: 0:00

MaXiiMoO

  • Race: Terran Terran
  • Spawn Location: 9:00

BlackNova

  • Race: Zerg Zerg
  • Spawn Location: 3:00

Kswiss

  • Race: Protoss Protoss
  • League: Silver
  • Spawn Location: 3:00

Metasapien

  • Race: Zerg Zerg
  • League: Platinum
  • Spawn Location: 0:00

VOD

Have the link to the VOD?

Description

Time

  • Played on: Sept. 22, 2017, 9:58 p.m.
  • Length: 9:08
Show
View Real Time Build Order
Export as new Build Order

VIKTHOR Protoss 

Build Orders:  

Get SALT Encoding   

  12  0:01  Probe (Chrono Boost)  
  13  0:12  Probe (Chrono Boost)  
  14  0:30  Probe (Chrono Boost)  
  14  0:35  Pylon  
  15  0:49  Assimilator  
  15  0:53  Probe (Chrono Boost)  
  16  0:59  Gateway  
  16  1:03  Probe (Chrono Boost)  
  17  1:12  Assimilator  
  17  1:14  Probe (Chrono Boost)  
  18  1:22  Gateway  
  18  1:24  Probe (Chrono Boost)  
  19  1:32  Pylon  
  19  1:35  Probe (Chrono Boost)  
  20  1:49  Cybernetics Core  
  20  1:59  Pylon  
  21  2:06  Probe (Chrono Boost)  
  21  2:25  Pylon  
  21  2:33  Robotics Facility  
  21  2:39  Stargate  
  21  2:44  Mothership Core (Chrono Boost)  
  24  3:13  Warp Gate (Chrono Boost)  
  24  3:37  Pylon  
  24  3:43  Pylon  
  24  3:51  Probe  
  25  3:56  Zealot (Chrono Boost)  
  25  4:01  Robotics Facility  
  25  4:04  Probe  
  25  4:09  Nexus  
  26  4:12  Robotics Facility  
  26  4:14  Stalker  
  28  4:26  Zealot  
  28  4:30  Probe  
  31  4:42  Probe  
  32  4:48  Void Ray (Chrono Boost)  
  36  5:09  Immortal (Chrono Boost)  
  36  5:13  Probe  
  41  5:25  Probe  
  42  5:33  Void Ray  
  46  5:36  Probe  
  46  5:37  Probe  
  45  5:50  Probe  
  45  6:05  Stalker x2  
  45  6:06  Pylon  
  49  6:12  Probe  
  49  6:14  Assimilator  
  49  6:15  Probe  
  51  6:19  Assimilator  
  51  6:38  Probe  
  52  6:40  Gateway  
  52  6:43  Gateway  
  52  6:46  Pylon  
  42  7:10  Probe  
  41  7:16  Forge  
  41  7:20  Probe  
  42  7:27  Stalker x2  
  46  7:31  Void Ray  
  46  7:36  Probe  
  49  7:44  Probe  
  49  7:47  Probe  
  51  7:56  Probe  
  52  8:03  Stalker  
  52  8:04  Stalker x2  
  52  8:05  Stalker  
  60  8:08  Probe  
  61  8:14  Void Ray  
  65  8:35  Stalker x3  
  65  8:36  Stalker  
  73  8:56  Pylon  
Show
View Real Time Build Order
Export as new Build Order

Nacho Terran 

Build Orders: Cyclone Opening 

Get SALT Encoding   

  12  0:01  SCV  
  13  0:13  SCV  
  14  0:21  Supply Depot  
  14  0:31  SCV  
  14  0:34  Refinery  
  15  0:36  Refinery  
  15  0:46  SCV  
  16  0:54  Barracks  
  16  1:05  SCV  
  17  1:18  SCV  
  18  1:31  SCV  
  19  1:43  SCV, Marine  
  21  1:47  Factory  
  21  1:53  Factory  
  21  2:03  Marine  
  21  2:04  Supply Depot  
  22  2:14  Supply Depot  
  22  2:21  Marine  
  23  2:30  SCV  
  24  2:38  Cyclone  
  27  2:51  Cyclone  
  27  2:55  Marine  
  27  2:58  SCV  
  30  3:19  Cyclone  
  33  3:23  Cyclone  
  33  3:25  SCV  
  37  3:28  Marine  
  38  3:34  Supply Depot  
  38  3:48  Marine  
  39  3:56  SCV, Cyclone  
  43  4:12  Cyclone  
  43  4:14  Orbital Command  
  43  4:16  Marine  
  47  4:22  Supply Depot  
  47  4:50  Cyclone  
  47  4:51  Cyclone  
  53  4:56  Engineering Bay  
  53  5:47  SCV  
  54  5:50  Command Center  
  54  5:59  SCV  
  55  6:17  Cyclone  
  55  6:24  SCV  
  55  6:30  Supply Depot  
  55  6:33  Cyclone  
  55  6:36  SCV  
  56  6:49  Cyclone  
  58  7:05  Cyclone  
  54  7:11  SCV  
  55  7:15  SCV  
  55  7:21  Cyclone  
  55  7:22  Refinery  
  58  7:24  SCV  
  58  7:27  SCV  
  60  7:36  SCV  
  61  7:37  Cyclone  
  61  7:40  SCV  
  61  7:42  Missile Turret  
  68  7:58  Cyclone  
  68  7:59  SCV  
  68  8:05  Refinery  
  69  8:07  Missile Turret  
  69  8:11  Cyclone  
  69  8:12  SCV  
  73  8:16  SCV  
  74  8:28  SCV, Supply Depot  
  74  8:30  Cyclone  
  75  8:34  Supply Depot  
  75  8:49  SCV  
Show
View Real Time Build Order
Export as new Build Order

MaXiiMoO Terran 

Build Orders: Hellion Opening 

Get SALT Encoding   

  12  0:03  SCV  
  13  0:15  SCV  
  14  0:23  Supply Depot  
  14  0:29  SCV  
  15  0:37  Refinery  
  15  0:55  Barracks  
  15  0:56  SCV  
  16  1:09  SCV  
  17  1:17  Refinery  
  17  1:21  SCV  
  18  1:33  SCV  
  19  1:45  SCV  
  20  1:50  Factory  
  21  2:01  SCV  
  21  2:03  Barracks Reactor  
  21  2:06  Supply Depot  
  21  2:10  Supply Depot  
  21  2:13  SCV  
  22  2:25  SCV  
  23  2:42  Factory  
  23  2:53  Orbital Command, Barracks Reactor  
  23  2:58  Supply Depot  
  23  3:14  Hellion x2  
  27  3:37  Hellion  
  27  3:38  Hellion x3  
  35  3:57  Engineering Bay  
  35  4:00  Hellion  
  35  4:01  Hellion x3  
  43  4:09  Marine  
  44  4:26  Missile Turret  
  44  4:30  Hellion  
  46  4:38  Supply Depot  
  46  4:41  Hellion  
  42  4:55  Hellion x2  
  46  5:00  Hellion  
  24  7:18  Cyclone x4  
  36  7:50  Cyclone x4  
  46  8:22  Cyclone x2  
  52  8:30  Cyclone x2  
Show
View Real Time Build Order
Export as new Build Order

BlackNova Zerg 

Build Orders: Pool First 

Get SALT Encoding   

  12  0:01  Drone  
  13  0:18  Drone  
  14  0:23  Overlord, Extractor  
  14  0:28  Drone  
  14  0:48  Spawning Pool  
  14  0:49  Drone  
  14  1:04  Drone x2  
  14  1:05  Drone  
  17  1:20  Overlord  
  17  1:34  Metabolic Boost  
  17  1:36  Zergling x2  
  17  1:37  Queen  
  20  1:43  Zergling x2  
  21  1:50  Zergling x2  
  22  1:58  Zergling x2  
  23  2:10  Zergling x2, Baneling Nest  
  23  2:22  Drone  
  24  2:25  Extractor  
  24  2:26  Lair  
  23  2:32  Drone  
  24  2:41  Overlord  
  24  3:05  Zergling x6  
  26  3:24  Overlord  
  26  3:25  Drone  
  27  3:29  Hatchery  
  22  3:43  Zergling x6  
  22  3:45  Zergling x2  
  26  3:52  Overseer  
  26  3:55  Zergling x2  
  27  4:10  Drone  
  27  4:16  Drone  
  30  4:17  Drone x2  
  28  4:28  Drone  
  28  4:30  Drone  
  29  4:40  Infestation Pit  
  28  4:47  Drone  
  28  4:48  Drone x3  
  32  4:57  Drone x2  
  30  5:14  Zergling x2  
  30  5:15  Zergling x2  
  32  5:23  Zergling x8  
  32  5:25  Zergling x2  
  32  5:26  Zergling x2  
  38  5:35  Infestor  
  38  5:38  Infestor  
  42  5:51  Infestor  
  42  5:53  Infestor  
  46  6:00  Infestor x2  
  50  6:07  Overlord  
  50  6:09  Zergling x4  
  50  6:10  Overlord  
  52  6:25  Zergling x4  
  52  6:27  Queen  
  47  6:44  Zergling x2  
  47  6:45  Zergling x8  
  38  7:20  Zergling x6  
  36  7:23  Zergling x4  
  36  7:24  Overlord  
  34  7:43  Drone  
  31  7:44  Spawning Pool  
  31  7:45  Lair  
  27  7:51  Hatchery  
  27  7:58  Zergling x4  
  20  8:16  Drone  
  21  8:20  Drone  
  21  8:27  Drone  
  22  8:40  Zergling x2  
Show
View Real Time Build Order
Export as new Build Order

Kswiss Protoss 

Build Orders: Oracle Opening 

Get SALT Encoding   

  12  0:01  Probe (Chrono Boost)  
  13  0:12  Probe (Chrono Boost)  
  14  0:27  Probe (Chrono Boost), Pylon  
  15  0:45  Probe (Chrono Boost)  
  16  0:55  Probe (Chrono Boost), Gateway  
  17  0:57  Forge  
  17  1:01  Assimilator  
  17  1:06  Probe (Chrono Boost)  
  18  1:17  Probe (Chrono Boost)  
  19  1:27  Probe (Chrono Boost)  
  20  1:34  Pylon  
  20  1:38  Probe (Chrono Boost), Photon Cannon  
  21  1:48  Cybernetics Core  
  21  1:52  Probe (Chrono Boost), Assimilator  
  22  2:08  Photon Cannon  
  22  2:28  Stargate  
  22  2:45  Probe (Chrono Boost)  
  23  2:52  Nexus  
  23  2:54  Pylon  
  23  2:55  Probe (Chrono Boost)  
  24  3:12  Oracle (Chrono Boost)  
  27  3:44  Stargate, Oracle (Chrono Boost)  
  30  3:48  Pylon  
  30  4:09  Pylon  
  30  4:20  Probe  
  31  4:27  Mothership Core  
  31  4:31  Probe  
  34  4:41  Probe  
  35  4:52  Probe  
  33  5:02  Probe  
  34  5:13  Probe  
  34  5:17  Assimilator  
  34  5:21  Assimilator  
  35  5:23  Probe  
  35  5:25  Void Ray (Chrono Boost)  
  41  5:31  Void Ray (Chrono Boost)  
  41  5:33  Zealot  
  41  5:34  Probe  
  42  5:44  Probe  
  43  5:55  Probe  
  44  6:00  Zealot  
  44  6:01  Void Ray (Chrono Boost)  
  46  6:08  Void Ray (Chrono Boost)  
  46  6:09  Protoss Air Weapons Level 1 (Chrono Boost)  
  18  7:12  Void Ray (Chrono Boost)  
  22  7:15  Void Ray (Chrono Boost)  
  22  7:29  Mothership Core  
  24  7:37  Photon Cannon  
  24  7:41  Photon Cannon  
  24  7:45  Photon Cannon  
  28  8:14  Void Ray (Chrono Boost)  
  28  8:18  Void Ray (Chrono Boost)  
Show
View Real Time Build Order
Export as new Build Order

Metasapien Zerg 

Build Orders: Pool First 

Get SALT Encoding   

  12  0:01  Drone  
  13  0:23  Spawning Pool  
  13  0:26  Drone  
  13  0:31  Extractor  
  12  0:37  Overlord  
  13  0:42  Drone  
  13  0:48  Drone  
  14  1:01  Drone x2  
  17  1:11  Drone  
  17  1:33  Hatchery  
  16  1:47  Drone, Metabolic Boost  
  16  1:50  Drone  
  16  1:51  Drone  
  19  2:00  Drone  
  20  2:19  Drone  
  21  2:23  Hatchery  
  21  2:27  Overlord  
  20  2:40  Queen  
  22  2:48  Queen  
  24  2:56  Drone  
  24  2:57  Drone  
  27  2:58  Drone  
  27  3:01  Drone  
  28  3:08  Overlord  
  28  3:13  Drone, Extractor  
  28  3:16  Drone  
  29  3:31  Lair  
  29  3:38  Queen  
  29  3:39  Drone  
  29  3:40  Drone x2  
  34  3:44  Drone  
  34  3:46  Drone  
  34  3:48  Drone  
  37  4:05  Drone x2  
  37  4:06  Drone  
  37  4:07  Drone x2  
  37  4:08  Drone  
  43  4:10  Overlord  
  43  4:12  Overlord  
  43  4:22  Drone x2, Extractor  
  43  4:23  Drone  
  45  4:27  Zergling x2  
  46  4:35  Roach Warren  
  45  4:43  Drone x2  
  45  4:45  Zergling x4  
  49  4:46  Zergling x4  
  51  4:54  Hydralisk Den, Drone x2  
  51  4:55  Drone x4  
  51  4:59  Infestation Pit  
  55  5:01  Zergling x4  
  55  5:02  Zergling x2  
  49  5:14  Spore Crawler  
  49  5:16  Queen, Spore Crawler  
  49  5:20  Roach x2  
  49  5:31  Spine Crawler  
  42  5:38  Roach x2, Hydralisk  
    6:31  Drone  
  1  6:33  Drone  
  1  6:34  Drone  
Tags
 
Add a new tag
Caveats
  • Supply blocks, unpowered buildings, or Contaminate may cause inaccurate times.
  • Supply counts are checked every 10 seconds.